 Dungeon Crawl Stone Soup version 0.27-a0-1273-gec92ba881d (webtiles) character file.

Game seed: 12907983224789511168

67 mordus the Poker (level 3, -2/29 (31) HPs)
             Began as a Draconian Monk on June 11, 2021.
             Slain by a water moccasin (5 damage)
             ... on level 3 of the Dungeon.
             The game lasted 00:01:41 (1976 turns).

mordus the Poker (Draconian Monk)                   Turns: 1976, Time: 00:01:42

HP:   -2/29 (31)    AC:  5    Str: 14    XL:     3   Next: 98%
MP:   3/3           EV: 13    Int: 10    God:
Gold: 64            SH:  0    Dex: 13    Spells: 2/2 levels left

rFire    . . .     SeeInvis .   a - +0 spear
rCold    . . .     Faith    .   (no shield)
rNeg     . . .     Spirit   .   (armour unavailable)
rPois    .         Reflect  .   (helmet restricted)
rElec    .         Harm     .   (no cloak)
rCorr    .         Rampage  .   (no gloves)
Will     .....                  (no boots)
Stlth    ++........             (no amulet)
HPRegen  0.09/turn              (no ring)
MPRegen  0.08/turn              (no ring)

@: lethally poisoned (-2 -> -28), drained
A: AC +5, unfitting armour, cold-blooded
a: no special abilities


You were on level 3 of the Dungeon.
You visited 1 branch of the dungeon, and saw 3 of its levels.

You collected 64 gold pieces.

Inventory:

Hand Weapons
 a - a +0 spear (weapon)
Scrolls
 b - a scroll of teleportation {unknown}
 c - 3 scrolls of identify {unknown}
Potions
 d - a potion of cancellation {unknown}
 e - a potion of resistance {unknown}
 f - a potion of flight {unknown}


   Skills:
 - Level 3.2 Fighting
 * Level 4.3 Polearms
 + Level 3.3 Dodging
 - Level 1.7 Stealth


You had 2 spell levels left.
You didn't know any spells.
Your spell library was empty.

Dungeon Overview and Level Annotations

Branches:
Dungeon (3/15)

Altars:

Annotations:
D:3 iNFECTIOUSiTCH's ghost, amateur OpBr


Innate Abilities, Weirdness & Mutations

Your plain brown scales are hard. (AC +5)
You cannot fit into any form of body armour.
You are cold-blooded and may be slowed by cold attacks.


Message History

You hit the water moccasin but do no damage.
The water moccasin is moderately wounded.
You hear the rusting of a distant drain.
The water moccasin barely misses you. x2
You hit the water moccasin.
The water moccasin is moderately wounded.
The water moccasin bites you.
You hit the water moccasin.
Your tail-slap misses the water moccasin.
The water moccasin is moderately wounded.
The water moccasin barely misses you.
You miss the water moccasin. You tail-slap the water moccasin.
The water moccasin is heavily wounded.
The water moccasin barely misses you.
You closely miss the water moccasin.
The water moccasin is heavily wounded.
The water moccasin bites you!
You are too injured to fight recklessly!
You hit the water moccasin.
Your tail-slap misses the water moccasin.
The water moccasin is heavily wounded.
The water moccasin bites you but does no damage. x2
You closely miss the water moccasin.
You tail-slap the water moccasin, but do no damage.
The water moccasin is heavily wounded.
The water moccasin barely misses you.
You completely miss the water moccasin.
The water moccasin is heavily wounded.
The water moccasin bites you.
You are lethally poisoned!
The water moccasin poisons you!
You miss the water moccasin.
The water moccasin is heavily wounded.
* * * LOW HITPOINT WARNING * * *
You feel very sick. The water moccasin bites you.
* * * LOW HITPOINT WARNING * * *
You are more poisoned.
The water moccasin poisons you! The water moccasin bites you.
You die...

### ####
#####..##.. ...#
#.......... ...#
#.)........ #..#
##'####+#####..#
#....# #.S.#
#....# #.@.#
##[.########†.#
#..#..##..#..#
#..)......'..#
##..##8..8##..#
#....##..######
#....##..#
#######..# #..#


You could see a water moccasin.

Vanquished Creatures
  An adder (D:3)
  A worm (D:2)
  3 dart slugs
  3 endoplasms
  A giant cockroach (D:1)
  6 goblins
  3 hobgoblins
  6 jackals
  2 quokkas (D:1)
  3 ball pythons (D:1)
  4 bats
  5 frilled lizards
  A kobold (D:3)
  8 rats
47 creatures vanquished.

Notes
Turn   | Place    | Note
-------+----------+-------------------------------------------
     0 | D:1      | mordus the Draconian Monk began the quest for the Orb.
     0 | D:1      | Reached XP level 1. HP: 19/19 MP: 1/1
   205 | D:1      | Reached XP level 2. HP: 15/26 MP: 2/2
   563 | D:1      | Found a faded altar of an unknown god.
   599 | D:1      | You fall into a shaft and drop 1 floor!
  1049 | D:2      | Reached XP level 3. HP: 31/31 MP: 3/3
  1113 | D:2      | Reached skill level 4 in Polearms
  1710 | D:3      | Noticed iNFECTIOUSiTCH's ghost (amateur OpBr)
  1958 | D:3      | Noticed a water moccasin
  1976 | D:3      | Slain by a water moccasin

Illustrated notes

Levels and vault maps discovered:
D:1:      ncdulo_lavacross, layout_loops_ring,
          shapermc_ecumenical_altar_mp_urbaneastern
D:2:      layout_loops_ring, serial_forest, infiniplex_forest_end_3,
          infiniplex_forest_clump_small, infiniplex_forest_lined_3_way,
          infiniplex_forest_lined_3, infiniplex_forest_clump_small,
          infiniplex_forest_end_1, infiniplex_forest_lined_2
D:3:      minmay_chambers_of_twos, layout_rooms, vehumet_altar_wand_db,
          portal_sewer_entry_b, gammafunk_ghost_split, kennysheep_donut

Skill      XL: |  1  2  3 |
---------------+----------+-----
Dodging        | 3 |  3.3
Polearms       | 4 |  4.3
Fighting       | |  3.2
Stealth        | |  1.7

Action                   || total
-------------------------++-------
Melee: Spear             ||   177
       Tailslap          ||    14
 Stab: Sleeping          ||     8
       Distracted        ||     1
Armor: Skin              ||    42
Dodge: Dodged            ||    86

Table legend: (Time is in decaauts)
 A = Elapsed time spent in this place.
 B = Non-inter-level travel time spent in this place.
 C = Inter-level travel time spent in this place.
 D = Time resting spent in this place.
 E = Time spent auto-exploring this place.
 F = Levels seen in this place.
 G = Mean time per level.
                   A        B        C        D        E       F      G
               +--------+--------+--------+--------+--------+-----+--------+
         Total |   1962 |   1921 |     41 |    157 |   1467 |   3 |  654.0 |
       Dungeon |   1962 |   1921 |     41 |    157 |   1467 |   3 |  654.0 |
               +--------+--------+--------+--------+--------+-----+--------+

Top non-repeatable levels by time:
     D:1: 963 daAuts
     D:2: 738 daAuts
     D:3: 260 daAuts
